 Dungeon Crawl Stone Soup version 0.31-a0-859-g9dce7d3444 (webtiles) character file.

Game seed: 18260035711687932013

278 Darius099 the Chopper (level 6, -3/51 HPs)
             Began as a Minotaur Fighter on Oct 10, 2023.
             Engulfed by a steam dragon's steam (4 damage)
             ... on level 4 of the Dungeon.
             The game lasted 00:05:48 (2101 turns).

Darius099 the Chopper (Minotaur Fighter)            Turns: 2101, Time: 00:05:49

Health: -3/51      AC: 13    Str: 23    XL:     6   Next: 5%
Magic:  5/5        EV:  8    Int:  5    God:
Gold:   96         SH:  4    Dex:  9    Spells: 5/5 levels left

rFire   . . .        a - +0 war axe
rCold   . . .        c - +0 buckler
rNeg    + . .        v - +0 chain mail
rPois   .            (helmet restricted)
rElec   .            (no cloak)
rCorr   .            l - +1 pair of gloves
SInv    .            u - +1 pair of boots
Will    +....        (no amulet) Stlth
                     h - ring of willpower
HPRegen 0.28/turn    r - ring of positive energy
MPRegen 0.09/turn

%: no passive effects
@: no status effects
A: horns 2, retaliatory headbutt
a: no special abilities


You were on level 4 of the Dungeon.
You visited 1 branch of the dungeon, and saw 4 of its levels.

You collected 96 gold pieces.

Inventory:

Hand Weapons
 a - a +0 war axe (weapon)
Armour
 c - a +0 buckler (worn)
 l - a +1 pair of gloves (worn)
 u - a +1 pair of boots (worn)
 v - a +0 chain mail (worn)
Jewellery
 h - a ring of willpower (left hand)
 r - a ring of positive energy (right hand)
Scrolls
 b - a scroll of amnesia {unknown}
 e - a scroll of poison {unknown}
 j - 4 scrolls of identify {unknown}
 n - a scroll of teleportation {unknown}
 p - 2 scrolls of vulnerability {unknown}
 q - a scroll of enchant armour {unknown}
Potions
 d - a potion of might
 f - 2 potions of brilliance {unknown}
 g - 2 potions of ambrosia {unknown}
 i - a potion of degeneration {unknown}
 k - 2 potions of attraction {unknown}
 m - 3 potions of curing {unknown}
 o - 2 potions of heal wounds {unknown}
 s - 2 potions of enlightenment {unknown}
 t - a potion of berserk rage {unknown}
 w - a potion of invisibility {unknown}
 x - 2 potions of haste {unknown}


   Skills:
 - Level 3.6 Fighting
 + Level 7.7 Axes
 - Level 3.6 Armour
 - Level 3.6 Shields


You had 5 spell levels left.
You didn't know any spells.
Your spell library contained the following spells:

 Spells                   Type           Power      Damage    Failure   Level
 Kiss of Death            Conj/Necr      0%         2d5       98%         1
 Confusing Touch          Hex            0%         N/A       100%        3
 Dispel Undead            Necr           0%         3d6       100%        4


Dungeon Overview and Level Annotations

Branches:
Dungeon (4/15)
 Temple: D:4-7

Altars:
Uskayaw
Vehumet


Innate Abilities, Weirdness & Mutations

You have a pair of horns on your head.
You reflexively headbutt those who attack you in melee.


Message History

You completely miss the endoplasm.
The endoplasm hits you but does no damage.
You hit the endoplasm. Your headbutt misses the endoplasm.
The endoplasm is almost dead.
The endoplasm hits you but does no damage.
You hit the endoplasm.
You kill the endoplasm!
No target in view!
No target in view!
You open the door.
Found a hat and 11 gold pieces.
There is an open door here.
A ball python and a steam dragon come into view.
The ball python hisses angrily.
The steam dragon hisses angrily.
The ball python bites you but does no damage.
You block the ball python's attack.
You closely miss the ball python. The steam dragon breathes steam at you.
The ball of steam hits the ball python!
The ball python dies!
The ball of steam hits you!
No target in view!
No target in view!
Found a scroll labelled ROERPH TUIFE.
You barely miss the steam dragon. The steam dragon bites you.
The steam dragon claws you but does no damage.
You hit the steam dragon.
The steam dragon is lightly wounded.
The steam dragon bites you!
The steam dragon claws you but does no damage.
The steam dragon bites you! You block the steam dragon's attack.
You hit the steam dragon.
The steam dragon is moderately wounded.
The steam dragon breathes steam at you. The ball of steam hits you!!
* * * LOW HITPOINT WARNING * * *
You hit the steam dragon. Your headbutt misses the steam dragon.
The steam dragon is heavily wounded.
You are engulfed in a cloud of scalding steam.
You die...

#...###### #..
#########......###..
#...................
#..#.####......###.#
#.####?$#.###### #.#
#..# ..[#.# #..
#.###..##.# ###
#.#.D...#.# #.
#.'@#.#.#.# #. ##### #
### #. #### .# #. ..#
##.# #. #.#
###..##########. #
####.###..............#
#.
#........#.##########.#
#.##.##.#####.)## #.#
#......>..###.#)## #.#


You could see a steam dragon (catching breath).

Vanquished Creatures
  An orc priest (D:3)
  A gnoll bouda (D:4)
  An orc wizard (D:3)
  5 gnolls (D:4)
  4 adders
  4 worms
  A dart slug (D:1)
  7 orcs (D:3)
  7 endoplasms
  3 giant cockroaches
  6 hobgoblins
  11 jackals
  2 kobolds
  2 quokkas (D:3)
  11 ball pythons
  3 bats
  3 frilled lizards
  10 goblins
  3 rats
85 creatures vanquished.

Vanquished Creatures (others)
  A ball python (D:4)
1 creature vanquished.

Grand Total: 86 creatures vanquished

Notes
Turn   | Place    | Note
-------+----------+-------------------------------------------
     0 | D:1      | Darius099 the Minotaur Fighter began the quest for the Orb.
     0 | D:1      | Reached XP level 1. HP: 19/19 MP: 0/0
    60 | D:1      | Reached skill level 3 in Axes
    69 | D:1      | Reached XP level 2. HP: 23/26 MP: 1/1
   115 | D:1      | Reached skill level 4 in Axes
   227 | D:1      | Reached XP level 3. HP: 31/31 MP: 2/2
   708 | D:2      | Reached skill level 5 in Axes
   783 | D:2      | Reached XP level 4. HP: 38/39 MP: 3/3
  1173 | D:3      | Found a radiant altar of Vehumet.
  1292 | D:3      | Reached skill level 6 in Axes
  1468 | D:3      | Reached XP level 5. HP: 43/45 MP: 4/4
  1767 | D:3      | Found a hide-covered altar of Uskayaw.
  1838 | D:4      | Reached skill level 7 in Axes
  1860 | D:4      | Reached XP level 6. HP: 33/51 MP: 5/5
  2094 | D:4      | Noticed a steam dragon
  2100 | D:4      | HP: 1/51 [steam dragon/ball of steam (19)]
  2101 | D:4      | Engulfed by a steam dragon's steam

Illustrated notes

Levels and vault maps discovered:
D:1:      scummos_arrival_checkerplants, layout_rooms, minmay_hexomino_c4
D:2:      layout_basic
D:3:      layout_basic, mainiacjoe_overflow_surrounded_room,
          nicolae_uskayaw_suspiria
D:4:      minmay_wonky_spiral, layout_loops_cross, mainiacjoe_overflow_catwalk

Skill      XL: |  1  2  3  4  5 |
---------------+----------------+-----
Axes           | 3 4 5 6 7 |  7.7
Fighting       | |  3.6
Armour         | |  3.6
Shields        | |  3.6

Action                     |  1- 3 |  4- 6 || total
---------------------------+-------+-------++-------
  Melee: War axe           |    89 |   113 ||   202
         Headbutt          |    12 |    13 ||    25
 Armour: Scale mail        |    63 |    11 ||    74
         Chain mail        |       |    79 ||    79
  Dodge: Dodged            |    48 |    29 ||    77
  Block: Buckler           |    17 |    19 ||    36

Table legend: (Time is in decaauts)
 A = Elapsed time spent in this place.
 B = Non-inter-level travel time spent in this place.
 C = Inter-level travel time spent in this place.
 D = Time resting spent in this place.
 E = Time spent auto-exploring this place.
 F = Levels seen in this place.
 G = Mean time per level.
                   A        B        C        D        E       F      G
               +--------+--------+--------+--------+--------+-----+--------+
         Total |   2150 |   2030 |    120 |     69 |    990 |   4 |  537.5 |
       Dungeon |   2150 |   2030 |    120 |     69 |    990 |   4 |  537.5 |
               +--------+--------+--------+--------+--------+-----+--------+

Top non-repeatable levels by time:
     D:3: 717 daAuts
     D:2: 634 daAuts
     D:1: 519 daAuts
     D:4: 279 daAuts
